 Dungeon Crawl Stone Soup version 0.28.0-47-ge53b351184 (webtiles) character file.

Game seed: 11022770647569544825

1664 NinjaNoafa the Ruffian (level 8, 0/79 HPs)
             Began as a Troll Fighter on May 5, 2022.
             Was an Initiate of Gozag.
             Slain by a killer bee (1 damage)
             ... on level 7 of the Dungeon.
             The game lasted 00:11:15 (6090 turns).

NinjaNoafa the Ruffian (Troll Fighter)              Turns: 6090, Time: 00:11:15

Health: 0/79       AC:  4    Str: 25    XL:     8   Next: 69%
Magic:  7/7        EV:  9    Int:  4    God:    Gozag
Gold:   286        SH:  9    Dex: 11    Spells: 7/7 levels left

rFire   + . .      SeeInvis .     - Unarmed
rCold   + + .      Faith    .   b - +1 kite shield
rNeg    + . .      Spirit   .   a - +0 robe
rPois   +          Reflect  .   (helmet restricted)
rElec   .          Harm     .   e - scarf {rC+ rF+}
rCorr   .          Rampage  .   (gloves unavailable)
Will    .....                   (boots unavailable)
Stlth   +.........              (no amulet)
HPRegen 1.03/turn               h - ring of positive energy
MPRegen 0.10/turn               (no ring)

@: lethally poisoned (0 -> -1)
A: large, unfitting armour, claws 3, regeneration 1, shaggy fur 1, tough skin 1,
cold resistance 1, poison resistance, subdued magic 1
a: Renounce Religion, Potion Petition, Call Merchant, Bribe Branch


You were on level 7 of the Dungeon.
You worshipped Gozag.
Gozag was aware of your devotion.
You visited 2 branches of the dungeon, and saw 8 of its levels.

You collected 353 gold pieces.
You paid 67 gold pieces to Gozag.

Inventory:

Missiles
 d - 19 poisoned darts (quivered)
Armour
 a - a +0 robe (worn)
 b - a +1 kite shield (worn)
 e - a scarf of resistance (worn)
Jewellery
 h - a ring of positive energy (left claw)
 p - a ring of ice
Wands
 i - a wand of charming (4)
 o - a wand of flame (16)
Scrolls
 g - a scroll of identify
 j - a scroll of immolation
 q - a scroll of brand weapon
 r - a scroll of noise
Potions
 c - 2 potions of flight
 f - 2 potions of lignification
 k - 2 potions of degeneration
 l - a potion of mutation
 m - a potion of brilliance


   Skills:
 - Level 4.5 Fighting
 - Level 4.5 Dodging
 - Level 5.2 Shields
 - Level 6.2 Unarmed Combat
 + Level 2.5 Evocations


You had 7 spell levels left.
You didn't know any spells.
Your spell library contained the following spells:

 Spells                   Type           Power      Damage    Failure   Level
 Foxfire                  Conj/Fire      0%         2x1d4     73%         1
 Slow                     Hex            0%         N/A       73%         1
 Confusing Touch          Hex            0%         N/A       98%         3
 Conjure Flame            Conj/Fire      0%         6-21      98%         3
 Inner Flame              Hex/Fire       0%         N/A       98%         3
 Vampiric Draining        Necr           0%         2d6       98%         3
 Flame Wave               Conj/Fire      0%         2d4       100%        4
 Yara's Violent Unravell  Hex/Tmut       0%         3d3       100%        5
 Enfeeble                 Hex            0%         N/A       100%        7


Dungeon Overview and Level Annotations

Branches:
Dungeon (7/15)             Temple (1/1) D:6

Altars:
Ashenzari
Cheibriados
Elyvilon
Fedhas
Gozag
Hepliaklqana
Kikubaaqudgha
Makhleb
Nemelex Xobeh
Okawaru
Qazlal
Ru
Trog
Uskayaw
Vehumet
Xom
Yredelemnul
Beogh

Shops:
D:3 =

Annotations:
D:3 3 runed translucent doors, 0gre's ghost, amateur GnIE


Innate Abilities, Weirdness & Mutations

You are too large for most types of armour.
You have claws for hands.
Your natural rate of healing is unusually fast.
You are covered in fur. (AC +1)
You have tough skin. (AC +1)
Your flesh is cold resistant. (rC+)
Your system is resistant to poisons. (rPois)
Your spells are a little easier to cast, but a little less powerful.


Message History

You miss the killer bee. The killer bee stings you.
The killer bee is distracted by your dazzling golden aura.
You barely miss the killer bee.
The killer bee is no longer distracted by gold.
The killer bee buzzes angrily.
The killer bee stings you. You block the killer bee's attack.
You miss the killer bee.
The killer bee is no longer distracted by gold.
You block the killer bee's attack. The killer bee stings you.
You closely miss the killer bee.
The killer bee stings you but does no damage.
You block the killer bee's attack.
You barely miss the killer bee. You block the killer bee's attack. x2
You miss the killer bee. The killer bee stings you!
The killer bee stings you but does no damage.
You miss the killer bee. The killer bee closely misses you.
The killer bee stings you.
* * * LOW HITPOINT WARNING * * *
You claw the killer bee!
The killer bee is severely wounded.
You block the killer bee's attack. The killer bee stings you.
* * * LOW HITPOINT WARNING * * *
You closely miss the killer bee.
The killer bee is severely wounded.
You block the killer bee's attack. The killer bee stings you.
* * * LOW HITPOINT WARNING * * *
You miss the killer bee.
The killer bee is severely wounded.
The killer bee stings you.
* * * LOW HITPOINT WARNING * * *
The killer bee barely misses you. The killer bee stings you!
* * * LOW HITPOINT WARNING * * *
You are lethally poisoned!
The killer bee poisons you!
* * * LOW HITPOINT WARNING * * *
You feel very sick. The killer bee stings you.
You die...
Your body crumbles into a pile of gold.

### #####..... #y.$.y.....
#y###.###..# #y# #..# #@###
###..## ##...+ .....######
#..### #...##.... #..# #
#...##....
#..#######.........
#............##....
#.#.#######.###....
###########...#######.#######
.............................


You could see 3 killer bees.

Vanquished Creatures
  Menkaure (D:7)
  An ice beast (D:5)
  An ogre (D:7)
  A phantom (D:6)
  A centaur (D:7)
  2 scorpions
  7 killer bees (D:7)
  A bullfrog zombie (D:5)
  5 hounds
  2 orc priests (D:4)
  A jelly (D:6)
  Jessica (D:2)
  8 iguanas
  3 orc wizards
  A scorpion zombie (D:5)
  A killer bee zombie (D:6)
  A hound zombie (D:5)
  A hound skeleton (D:4)
  4 gnolls (D:5)
  2 adders
  An ufetubus (D:5)
  A worm (D:2)
  3 dart slugs
  9 orcs
  6 ball pythons
  7 bats
  8 endoplasms
  2 giant cockroaches
  5 goblins
  7 hobgoblins
  4 jackals (D:5)
  9 kobolds
  5 quokkas
  A frilled lizard (D:2)
  2 rats
115 creatures vanquished.

Vanquished Creatures (others)
  A demonic plant (D:1)
  A plant (D:1)
  A withered plant (D:1)
3 creatures vanquished.

Grand Total: 118 creatures vanquished

Notes
Turn   | Place    | Note
-------+----------+-------------------------------------------
     0 | D:1      | NinjaNoafa the Troll Fighter began the quest for the Orb.
     0 | D:1      | Reached XP level 1. HP: 22/22 MP: 0/0
    89 | D:1      | Reached XP level 2. HP: 25/29 MP: 1/1
   292 | D:1      | Found a faded altar of an unknown god.
   508 | D:1      | Reached XP level 3. HP: 20/36 MP: 2/2
  1050 | D:2      | Reached skill level 3 in Unarmed Combat
  1102 | D:2      | Noticed Jessica
  1138 | D:2      | Killed Jessica
  1139 | D:2      | Reached XP level 4. HP: 18/44 MP: 3/3
  2026 | D:3      | Found a runed translucent gate.
  2027 | D:3      | Found a runed translucent gate.
  2027 | D:3      | Identified the +3 short sword of Solankin {antimagic,
                  | Int+2}
  2027 | D:3      | Noticed 0gre's ghost (amateur GnIE)
  2028 | D:3      | Found a runed translucent gate.
  2133 | D:3      | Found Meif's Jewellery Shoppe.
  2264 | D:3      | Found a broken altar of Ashenzari.
  2665 | D:3      | Noticed a scorpion
  2667 | D:3      | Gained mutation: Your system is resistant to poisons.
                  | (rPois) [potion of mutation]
  2667 | D:3      | Gained mutation: Your spells are a little easier to cast,
                  | but a little less powerful. [potion of mutation]
  2667 | D:3      | Gained mutation: Your flesh is cold resistant. (rC+)
                  | [potion of mutation]
  2710 | D:3      | Killed a scorpion
  2711 | D:3      | Reached XP level 5. HP: 37/53 MP: 4/4
  3037 | D:4      | Reached skill level 4 in Unarmed Combat
  3210 | D:4      | Reached XP level 6. HP: 54/61 MP: 5/5
  3253 | D:4      | HP: 3/61 [orc priest/divine providence (13)]
  3254 | D:4      | HP: 1/61 [quokka (3)]
  3789 | D:5      | Entered Level 5 of the Dungeon
  3902 | D:5      | Reached skill level 5 in Unarmed Combat
  3910 | D:5      | Found a burning altar of Makhleb.
  4030 | D:5      | Reached XP level 7. HP: 59/67 MP: 6/6
  5097 | D:6      | Identified the +6 scale mail of Life {Str-3 Int+7 Slay+2}
  5180 | D:6      | Found a staircase to the Ecumenical Temple.
  5231 | Temple   | Entered the Ecumenical Temple
  5452 | Temple   | Became a worshipper of Gozag Ym Sagoz the Greedy
  5530 | D:6      | Reached XP level 8. HP: 78/78 MP: 7/7
  5534 | D:6      | Found a bloodstained altar of Trog.
  5689 | D:6      | Found a blossoming altar of Fedhas.
  5764 | D:7      | Noticed Menkaure
  5835 | D:7      | Reached skill level 6 in Unarmed Combat
  5851 | D:7      | Killed Menkaure
  5852 | D:7      | Reached skill level 5 in Shields
  5876 | D:7      | Reached skill level 1 in Evocations
  6089 | D:7      | HP: 3/79 [killer bee (8)]
  6090 | D:7      | HP: 1/79 [poisoned by a killer bee]
  6090 | D:7      | Slain by a killer bee

Illustrated notes

Levels and vault maps discovered:
D:1:      dpeg_arrival_round_a, layout_basic, shapermc_ecumenical_altar_gd,
          serial_bayou_pond_d, chequers_serial_rivers_micro_d, st_stairs_4
D:2:      layout_rooms, serial_co_window_serial, co_window_corner_a,
          co_window_paths_b, co_window_of_opportunity_a, co_window_paths_a,
          co_window_paths_a, co_window_corner_a, co_window_paths_a,
          co_window_of_opportunity_c, co_window_corner_b, co_window_broadway_c,
          co_window_broadway_b, co_window_unsneaky_path_c, co_window_paths_d,
          co_window_4corner_b, uniq_jessica
D:3:      layout_basic, mainiacjoe_overflow_alcove_2,
          biasface_ghost_orc_armoury, serial_shops, shop, minivault_26
D:4:      layout_cave_pools, nrook_uturn
D:5:      layout_basic, mainiacjoe_overflow_paths
D:6:      layout_rooms, fedhas_altar_4, mainiacjoe_overflow_catwalk,
          minmay_temple_entry_glass, chequers_serial_rivers_room_a
D:7:      layout_basic, grunt_dithmenos_smoke, lemuel_doored_altar,
          uniq_menkaure
Temple:   nicolae_temple_figure_eight

Skill      XL: |  1  2  3  4  5  6  7  8 |
---------------+-------------------------+-----
Unarmed Combat | 3 4 5 6 |  6.2
Fighting       | 3 4 |  4.5
Dodging        | 3 4 |  4.5
Shields        | 3 4 5 |  5.2
Evocations     | 2 |  2.5

Action                   |  1- 3 |  4- 6 |  7- 9 || total
-------------------------+-------+-------+-------++-------
Melee: Unarmed           |   101 |   171 |   142 ||   414
       Club              |       |     9 |       ||     9
Throw: Dart              |       |       |     1 ||     1
Evoke: Wand              |       |       |     3 ||     3
  Use: Potion            |     2 |     5 |     5 ||    12
       Scroll            |       |     8 |     8 ||    16
 Stab: Sleeping          |     1 |     1 |       ||     2
Armor: Robe              |    29 |    71 |    30 ||   130
       Skin              |       |       |    16 ||    16
Dodge: Dodged            |    21 |    98 |    64 ||   183
Block: Kite shield       |    38 |    85 |    89 ||   212
